 Dungeon Crawl Stone Soup version 0.29.1-2-gbd0b4ee654 (webtiles) character file.

Game seed: 4181270396941671044

6770 Sabo the Cleaver (level 10, -25/135 HPs)
             Began as a Minotaur Berserker on Oct 27, 2022.
             Was an Elder of Trog.
             Killed by the raging water
             ... invoked by a water nymph
              (43 damage)
             ... on level 7 of the Dungeon.
             The game lasted 00:51:22 (10282 turns).

Sabo the Cleaver (Minotaur Berserker)              Turns: 10282, Time: 00:51:23

Health: -25/135    AC: 32    Str: 26    XL:     10   Next: 76%
Magic:  18/18      EV:  7    Int:  4    God:    Trog [****..]
Gold:   456        SH:  9    Dex: 10    Spells: 9/9 levels left

rFire   . . .      SeeInvis .   J - +0 war axe
rCold   . . .      Faith    .   x - +0 kite shield
rNeg    . . .      Spirit   .   C - +15 Maxwell's patent armour {-Cast -Tele rElec Will+ rCorr}
rPois   .          Reflect  .   (helmet restricted)
rElec   +          Harm     .   u - +0 cloak
rCorr   +          Rampage  .   p - +0 pair of gloves
Will    +....      NoTele   +   (no boots)
Stlth   .......... NoCast   +   (no amulet)
HPRegen 0.32/turn               j - ring of magical power
MPRegen 0.16/turn               t - ring of resist corrosion

@: berserking, quick
A: horns 2, retaliatory headbutt
a: Renounce Religion, Berserk, Trog's Hand, Brothers in Arms


You were on level 7 of the Dungeon.
You worshipped Trog.
Trog was greatly pleased with you.
You visited 1 branch of the dungeon, and saw 8 of its levels.

You collected 456 gold pieces.

Inventory:

Hand Weapons
 v - a +2 vorpal scimitar
 z - a +0 flail of holy wrath
 J - a +0 war axe (weapon)
Missiles
 c - a throwing net
 h - 13 boomerangs
 q - 4 silver boomerangs (quivered)
 s - 9 poisoned darts
Armour
 p - a +0 pair of gloves (worn)
 u - a +0 cloak (worn)
 x - a +0 kite shield (worn)
 C - the +15 Maxwell's patent armour (worn) {-Cast -Tele rElec Will+ rCorr}
   (You found it on level 6 of the Dungeon)

   rElec:     It insulates you from electricity.
   -Cast:     It prevents spellcasting.
   -Tele:     It prevents most forms of teleportation.
   rCorr:     It protects you from acid and corrosion.
   Will:      It increases your willpower.
 D - a +0 chain mail
Jewellery
 j - a ring of magical power (left hand)
 t - a ring of resist corrosion (right hand)
Wands
 w - a wand of polymorph (32)
 y - a wand of mindburst (8)
 G - a wand of flame (8)
 H - a wand of charming (9)
Scrolls
 a - a scroll of blinking
 b - 10 scrolls of teleportation
 e - 2 scrolls of summoning
 f - a scroll of butterflies
 g - a scroll of enchant weapon {unknown}
 l - a scroll of poison {unknown}
 r - a scroll of immolation {unknown}
 I - a scroll of fear
Potions
 d - 2 potions of degeneration {unknown}
 i - 3 potions of curing {unknown}
 k - 3 potions of mutation {unknown}
 m - 3 potions of berserk rage {unknown}
 n - 2 potions of brilliance {unknown}
 o - 2 potions of heal wounds {unknown}
 A - a potion of ambrosia {unknown}
 B - a potion of lignification {unknown}
 E - 2 potions of invisibility {unknown}
 F - a potion of might {unknown}


   Skills:
 + Level 8.5 Fighting
 + Level 13.0 Axes
 + Level 0.6(8.3) Maces & Flails
 + Level 2.8 Throwing
 + Level 9.4 Armour
 + Level 4.2 Dodging
 + Level 0.8 Stealth
 + Level 7.0 Shields
 + Level 1.5 Evocations


You had 9 spell levels left.
You didn't know any spells.
Your spell library was empty.

Dungeon Overview and Level Annotations

Branches:
Dungeon (8/15)             Temple (0/1) D:5
   Lair: D:8-11

Altars:
Cheibriados
Hepliaklqana
Makhleb
Ru
Sif Muna
Vehumet
Wu Jian
Yredelemnul

Shops:
D:2 (


Innate Abilities, Weirdness & Mutations

You have a pair of horns on your head.
You reflexively headbutt those who attack you in melee.


Message History

The water nymph touches you. The water nymph drowns you!
The water nymph's watery aura covers the open door.
Splash!
You fall into the shallow water.
Moving in this stuff is going to be slow.
You block the centaur warrior's attack. x2
Your unstable footing causes you to fumble your attack.
You block the centaur warrior's attack. x2
You closely miss the centaur warrior. You headbutt the centaur warrior!
The centaur warrior is lightly wounded.
You slash the water nymph! The water nymph touches you.
The water nymph drowns you!
* * * LOW HITPOINT WARNING * * *
The centaur warrior barely misses you.
The centaur warrior kicks you but does no damage.
You slice the centaur warrior!! You headbutt the centaur warrior.
The centaur warrior is heavily wounded.
You barely miss the water nymph. The water nymph barely misses you.
You furiously retaliate!
You headbutt the water nymph!!
Your unstable footing causes you to fumble your attack.
You block the centaur warrior's attack. x2
Your unstable footing causes you to fumble your attack.
You block the centaur warrior's attack. x2
The water nymph points at you and mumbles some strange words.
The water swirls and strikes you!
* * * LOW HITPOINT WARNING * * *
Your unstable footing causes you to fumble your attack.
You block the centaur warrior's attack.
The centaur warrior kicks you but does no damage.
The water nymph touches you. The water nymph drowns you!
* * * LOW HITPOINT WARNING * * *
Your unstable footing causes you to fumble your attack.
The centaur warrior barely misses you. You furiously retaliate!
You headbutt the centaur warrior!
The centaur warrior completely misses you.
You block the centaur warrior's attack. The centaur warrior closely misses you.
Your unstable footing causes you to fumble your attack.
The water nymph points at you and mumbles some strange words.
The water swirls and strikes you!!!
You die...

######.##.####...###.#.....#.#...
.................................
.......................#.....#.##
.##....##.##########.#.#.....#.##
.##.#####.# #.#.##.##.#### .'..#
#.##########.#.##.#...### .##.#
#............#.##...#....
.####***##############.##.#...###
.#,,,,+,.....g9m@....#.##.##.##
##,,,,*,.....Eec#....#.##.##.#
*,,,,*,....$.E{#....#.##.##.#
*,,,,*,.......E#....#.....#.#
*,,,,*,........#....####.##.##
*,,,,*,........#....#....#...###
*,,,,*,........#....#.##...#....
*,,,,*,........#....#.#..#...###
*,,,,*,,,,,,,,,#...†#.#####.##.#


You could see a centaur warrior, a deep elf pyromancer, a water nymph, 3 fire
elementals, a gargoyle and a gnoll sergeant.

Vanquished Creatures
  A two-headed ogre (D:7)
  Pikel (D:8)
  A manticore (D:7)
  Maurice (D:8)
  3 unseen horror zombies (D:8)
  A hornet (D:6)
  4 yaks (D:8)
  3 water moccasins (D:7)
  An orc warrior (D:8)
  3 black bears
  2 ogres
  2 ice beasts
  2 centaurs
  A phantom (D:5)
  3 necrophages
  A gnoll sergeant (D:5)
  4 bullfrogs (D:7)
  4 scorpions
  10 killer bees (D:8)
  A howler monkey (D:7)
  5 centaur zombies (D:8)
  The ghost of Bombi the Ducker, a weakling SpWn (D:5)
  A gnoll bouda (D:8)
  3 orc priests
  3 hounds
  2 jellies
  3 iguanas
  4 orc wizards
  A howler monkey zombie (D:8)
  16 gnolls
  8 adders
  A white imp (D:7)
  An ufetubus (D:6)
  2 worms (D:2)
  2 dart slugs
  18 orcs
  5 ball pythons
  8 bats
  16 endoplasms
  6 giant cockroaches
  7 goblins
  7 hobgoblins
  6 jackals
  3 quokkas
  3 frilled lizards (D:2)
  7 kobolds
  A rat (D:1)
189 creatures vanquished.

Vanquished Creatures (others)
  2 withered plants (D:5)
2 creatures vanquished.

Grand Total: 191 creatures vanquished

Notes
Turn   | Place    | Note
-------+----------+-------------------------------------------
     0 | D:1      | Sabo the Minotaur Berserker began the quest for the Orb.
     0 | D:1      | Reached XP level 1. HP: 19/19 MP: 0/0
   166 | D:1      | Reached XP level 2. HP: 26/27 MP: 1/1
   167 | D:1      | Reached skill level 4 in Axes
   768 | D:1      | Reached XP level 3. HP: 33/33 MP: 2/2
  1686 | D:2      | Reached ** piety under Trog
  2057 | D:2      | Reached XP level 4. HP: 41/41 MP: 3/3
  2284 | D:2      | Found Jocvok's Weapon Shop.
  2616 | D:3      | Reached skill level 5 in Axes
  2620 | D:3      | Reached XP level 5. HP: 34/47 MP: 4/4
  3206 | D:3      | Found a shimmering blue altar of Sif Muna.
  3214 | D:3      | Found a sacrificial altar of Ru.
  3215 | D:3      | Found a burning altar of Makhleb.
  3218 | D:3      | Found a hazy altar of Hepliaklqana.
  3219 | D:3      | Found a radiant altar of Vehumet.
  3685 | D:4      | Reached skill level 5 in Fighting
  3845 | D:4      | Noticed an ogre
  3851 | D:4      | Killed an ogre
  3852 | D:4      | Reached skill level 1 in Throwing
  3852 | D:4      | Reached XP level 6. HP: 56/56 MP: 5/5
  4166 | D:4      | Reached skill level 6 in Axes
  4168 | D:4      | Reached *** piety under Trog
  4628 | D:5      | Entered Level 5 of the Dungeon
  4713 | D:5      | Reached skill level 7 in Axes
  4713 | D:5      | Reached XP level 7. HP: 52/61 MP: 6/6
  4783 | D:5      | Reached skill level 5 in Armour
  4842 | D:5      | Found a staircase to the Ecumenical Temple.
  5658 | D:5      | Found a runed translucent door.
  5658 | D:5      | Noticed Bombi's ghost (weakling SpWn)
  5868 | D:5      | Reached skill level 8 in Axes
  5929 | D:5      | Killed Bombi's ghost
  6108 | D:6      | Reached XP level 8. HP: 70/70 MP: 7/7
  6680 | D:6      | Reached skill level 1 in Shields
  6768 | D:6      | Noticed a hornet
  6783 | D:6      | Paralysed by a hornet for 1 turns
  6789 | D:6      | Killed a hornet
  6790 | D:6      | Reached skill level 9 in Axes
  7283 | D:6      | Found the +15 Maxwell's patent armour {-Cast -Tele rElec
                  | Will+ rCorr}
  7346 | D:6      | Found an ornate altar of the Wu Jian Council.
  7596 | D:7      | Reached XP level 9. HP: 47/78 MP: 8/8
  7844 | D:7      | Reached skill level 10 in Axes
  8351 | D:7      | Found a snail-covered altar of Cheibriados.
  9370 | D:8      | Noticed Maurice
  9424 | D:8      | Killed Maurice
  9563 | D:8      | Reached skill level 11 in Axes
  9598 | D:8      | Found a basalt altar of Yredelemnul.
  9667 | D:8      | Reached **** piety under Trog
  9668 | D:8      | Reached skill level 1 in Evocations
  9772 | D:8      | Reached skill level 5 in Shields
  9772 | D:8      | Reached XP level 10. HP: 66/88 MP: 9/9
  9992 | D:8      | Noticed Pikel
 10003 | D:8      | Killed Pikel
 10004 | D:8      | Reached skill level 12 in Axes
 10171 | D:7      | Noticed a manticore
 10183 | D:7      | Killed a manticore
 10259 | D:7      | Noticed a gargoyle
 10260 | D:7      | Noticed a two-headed ogre
 10260 | D:7      | Noticed a six-headed hydra
 10260 | D:7      | Noticed a deep elf pyromancer
 10261 | D:7      | Noticed a centaur warrior
 10272 | D:7      | Noticed a water nymph
 10272 | D:7      | an eight-headed hydra changed into a water nymph
 10273 | D:7      | Killed a two-headed ogre
 10274 | D:7      | Reached skill level 13 in Axes
 10282 | D:7      | Killed from afar by a water nymph

Illustrated notes

Levels and vault maps discovered:
D:1:      saegor_arrival_simple_e, layout_basic, minivault_25,
          nicolae_eternal_life, minmay_misc_feat_tiny, minmay_circled_x
D:2:      layout_basic, serial_shops, nicolae_diamond_shop
D:3:      layout_basic, minitemple
D:4:      layout_loops_ring
D:5:      layout_basic, minmay_temple_entry_drinking_statues,
          gammafunk_ghost_grave, feat_on_display
D:6:      layout_cave_pools, mainiacjoe_overflow_alcove_1
D:7:      minmay_klotski, layout_basic, nicolae_overflow_hidden_temple,
          minmay_misc_feat_tower, st_stairs_11
D:8:      layout_rooms, nicolae_yredelemnul_corpse_copse, uniq_maurice,
          uniq_pikel

Skill      XL: |  1  2  3  4  5  6  7  8  9 10 |
---------------+-------------------------------+-----
Fighting       | 4 5 6 7 8 |  8.5
Axes           | 4 5 7 8 9 11 13 | 13.0
Armour         | 3 4 6 7 8 9 |  9.4
Throwing       | 1 2 |  2.8
Dodging        | 3 4 |  4.2
Shields        | 2 5 7 |  7.0
Evocations     | 1 |  1.5
Maces & Flails | |  0.6
Stealth        | |  0.8

Action                   |  1- 3 |  4- 6 |  7- 9 | 10-12 || total
-------------------------+-------+-------+-------+-------++-------
Melee: Hand axe          |    81 |   101 |   322 |       ||   504
       Headbutt          |    14 |    13 |    75 |    22 ||   124
       Flail             |       |       |     2 |       ||     2
       Punch             |       |       |     1 |       ||     1
       War axe           |       |       |       |    76 ||    76
Throw: Boomerang         |     7 |    21 |     8 |       ||    36
Invok: Berserk           |       |     2 |     6 |     1 ||     9
Evoke: Wand              |       |       |     5 |     1 ||     6
  Use: Scroll            |     1 |     3 |     5 |       ||     9
Armor: Ring mail         |    20 |       |       |       ||    20
       Chain mail        |    19 |    49 |   107 |       ||   175
       Plate armour      |       |       |   161 |    88 ||   249
       Skin              |       |       |     3 |       ||     3
Dodge: Dodged            |    41 |    38 |   121 |    34 ||   234
Block: Kite shield       |       |       |   133 |    67 ||   200
